 Dungeon Crawl Stone Soup version 0.18-a0-1805-g8ab820f (webtiles) character file.

53 warlockg3 the Skirmisher (level 3, -1/29 HPs)
             Began as a Demonspawn Fighter on Apr 25, 2016.
             Slain by a worm (7 damage)
             ... on level 2 of the Dungeon.
             The game lasted 00:03:46 (770 turns).

warlockg3 the Skirmisher (Demonspawn Fighter)        Turns: 770, Time: 00:03:47

Health: -1/29      AC:  6    Str: 22    XL:     3   Next: 64%
Magic:  3/3        EV:  4    Int:  9    God:
Gold:   67         SH:  9    Dex: 12    Spells: 0 memorised, 2 levels left

rFire  . . .     SeeInvis .     a - +0 long sword
rCold  . . .     Gourm    .     k - +0 scale mail (curse)
rNeg   . . .     Faith    .     c - +0 shield
rPois  .         Spirit   .     (no helmet)
rElec  .         Dismiss  .     (no cloak)
rCorr  .         Reflect  .     (no gloves)
SustAt .         Harm     .     (no boots)
MR     .....                    (no amulet)
Stlth  ..........               (no ring)
                                (no ring)

@: mighty, flying, constricted, not resistant to hostile enchantments, extremely
unstealthy
A: talons 1, rot immunity
a: no special abilities


You were on level 2 of the Dungeon.
You were not hungry.

You visited 1 branch of the dungeon, and saw 2 of its levels.

You collected 67 gold pieces.

Inventory:

Hand Weapons
 a - a +0 long sword (weapon)
Armour
 b - a +0 scale mail
 c - a +0 shield (worn)
 k - a cursed +0 scale mail (worn)
Jewellery
 o - an uncursed ring of protection from fire {unknown}
Scrolls
 e - a scroll of random uselessness {unknown}
 h - a scroll of magic mapping {unknown}
 j - a scroll of remove curse {unknown}
 m - a scroll of blinking {unknown}
Comestibles
 f - 3 bread rations
 g - 2 meat rations
 l - a slice of pizza
 n - 5 fruits


   Skills:
 + Level 3.6 Fighting
 + Level 1.9 Long Blades
 + Level 3.2 Armour
 + Level 0.6 Dodging
 + Level 0.2 Stealth
 + Level 3.0 Shields


You had 2 spell levels left.
You didn't know any spells.

Dungeon Overview and Level Annotations

Branches:
Dungeon (2/15)

Altars:


Innate Abilities, Weirdness & Mutations

You have sharp toenails.
You are immune to rotting.


Message History

Your kick misses the ball python. You block the ball python's attack.
The ball python constricts you. The worm bites you.
* * * LOW HITPOINT WARNING * * *
The ball python bites you but does no damage.
The ball python constricts you.
Drink which item? (? for menu, Esc to quit)
It was a potion of flight.
You feel very buoyant.
You fly up into the air.
The ball python barely misses you. The ball python constricts you.
Drink which item? (? for menu, Esc to quit)
You feel very mighty all of a sudden. You block the ball python's attack.
The ball python constricts you. The worm completely misses you.
You hit the worm. Your kick misses the worm.
The worm is heavily wounded.
The ball python bites you.
* * * LOW HITPOINT WARNING * * *
x2 The ball python constricts you.
The worm bites you!
You die...

................
..#####.#..##.<.##
..................
######.##.###..##
#.##.# # #.##.#
#.##.#
#######.##.##
#.....@.....#
#..)#Sw####....
... #g## .( # Sr
#.. ##. ##


You could see a worm, an adder, a goblin, a ball python and a rat.

Vanquished Creatures
  An adder (D:2)
  An ooze (D:1)
  A dart slug (D:1)
  A giant gecko (D:2)
  6 bats (D:1)
  2 giant cockroaches (D:1)
  2 goblins (D:1)
  10 hobgoblins
  4 kobolds (D:1)
  A ball python (D:1)
  3 giant newts (D:1)
  A rat (D:1)
33 creatures vanquished.

Vanquished Creatures (others)
  4 toadstools (D:1)
4 creatures vanquished.

Grand Total: 37 creatures vanquished

Notes
Turn   | Place    | Note
--------------------------------------------------------------
     0 | D:1      | warlockg3 the Demonspawn Fighter began the quest for the Orb.
     0 | D:1      | Reached XP level 1. HP: 18/18 MP: 1/1
    63 | D:1      | Gained mutation: You are immune to rotting. [demonic ancestry]
    63 | D:1      | Reached XP level 2. HP: 12/24 MP: 2/2
   405 | D:1      | Gained mutation: You have sharp toenails. [demonic ancestry]
   405 | D:1      | Reached XP level 3. HP: 18/29 MP: 3/3
   770 | D:2      | Slain by a worm

Vault maps used:
D:1:      ldierk_walled_garden_2
D:2:      first_bread, minmay_close_crescents

Skill      XL: |  1  2  3 |
---------------+----------+-----
Armour         | 3 |  3.2
Shields        | 3 |  3.0
Fighting       | |  3.6
Long Blades    | |  1.9
Dodging        | |  0.6
Stealth        | |  0.2

Action                   || total
-------------------------++-------
Melee: Long sword        ||   129
       Kick              ||    10
  Use: Potion            ||     2
Armor: Scale mail        ||    73
Dodge: Dodged            ||    50
Block: Shield            ||    87
